[Event "French Top 16-A 2024"]
[Site "Chartres"]
[Date "2024.06.05"]
[Round "7.9"]
[White "Grigoryan, Karen H."]
[Black "Vachier-Lagrave, Maxime"]
[Result "1/2-1/2"]
[ECO "A12"]
[WhiteElo "2583"]
[BlackElo "2732"]
[Annotator "TA"]
[PlyCount "73"]
[EventDate "2024.06.01"]
[EventType "team-tourn"]
[EventCountry "FRA"]
[SourceTitle "playchess.com"]
[Source "ChessBase"]
[SourceQuality "1"]
[TimeControl "40/5400+30:1800+30"]

1. Nf3 d5 2. e3 Nf6 3. b3 g6 4. Bb2 Bg7 5. c4 c6 6. Be2 Bg4 7. h3 Bxf3 8. Bxf3 {[%emt 0:00:04] White is slightly better.} O-O 9. O-O e6 10. Qc2 a5 11. Nc3 Na6 12. d4 Qd7 13. Rfd1 Rfd8 14. a3 Qe7 15. Na4 Nd7 {[%emt 0:06:47] Prevents Nb6} 16. Bc3 Nc7 17. Qd2 b6 18. Qe1 Rac8 19. Rdc1 Ne8 20. Be2 Rb8 21. Bb2 c5 22. cxd5 exd5 23. Bf3 cxd4 24. exd4 Qxe1+ 25. Rxe1 Nf8 26. Nc3 Nc7 27. Ne2 Nfe6 28. h4 {[%emt 0:00:00] Prevents Ng5} h5 (28... Nc5 $5 29. dxc5 Bxb2 $15) 29. Red1 {[%emt 0:00:00][%cal Be1d1,Bd1d3,Bd3b3,Bb3b5][%mdl 32] [#] The position is equal.} a4 $1 30. Rd3 (30. Rac1 b5) 30... Ra8 31. Rc1 axb3 32. Rxb3 b5 33. g4 hxg4 34. Bxg4 Ra4 35. Bxe6 Nxe6 36. Rxb5 Bxd4 37. Nxd4 {[%emt 0:01:02] Weighted Error Value: White=0.10 (very precise) /Black=0.08 (flawless) .  Inaccurate:     	White=4     	Black=5      OK:         	White=9     	Black=13     Best:        	---       	Black=1} 1/2-1/2

[Event "French Top 16-A 2024"]
[Site "Chartres"]
[Date "2024.06.05"]
[Round "7.9"]
[White "Sonis, Francesco"]
[Black "Gharamian, Tigran"]
[Result "1/2-1/2"]
[ECO "B28"]
[WhiteElo "2579"]
[BlackElo "2588"]
[Annotator "TA"]
[PlyCount "75"]
[EventDate "2024.06.01"]
[EventType "team-tourn"]
[EventCountry "FRA"]
[SourceTitle "playchess.com"]
[Source "ChessBase"]
[SourceQuality "1"]
[TimeControl "40/5400+30:1800+30"]

1. e4 c5 2. Nf3 a6 3. c4 Nc6 4. d4 cxd4 5. Nxd4 Nf6 6. Nc3 e5 7. Nc2 Bc5 8. Bd3 d6 9. O-O O-O 10. Rb1 Bg4 11. Qe1 Rc8 12. b4 Ba7 13. Bg5 {[%emt 0:07:12] Nd5 would now be deadly.} h6 14. Bxf6 Qxf6 15. Ne3 Bxe3 16. fxe3 Qd8 17. Nd5 Be6 18. Qd2 Nb8 19. a4 b6 20. Rfd1 Nd7 21. c5 Bxd5 22. exd5 {[%emt 0:00:04] [#] Threatens to win with c6.} bxc5 23. Bxa6 Ra8 24. Bb5 cxb4 25. Bc6 Ra7 26. Rxb4 Nc5 27. Rc4 Qb6 28. Qb4 Rb8 29. Qxb6 {[%emt 0:02:38] The position is equal.} Rxb6 30. Bb5 Rc7 31. g4 Kf8 32. Kg2 Ke7 33. h4 Rb8 34. Rf1 Ra7 35. Rf2 Rba8 36. Bc6 Rb8 37. Bb5 Rba8 38. Bc6 {[%emt 0:01:26] Weighted Error Value: White=0.05 (flawless) /Black=0.04 (flawless) .  Inaccurate:     	White=1     	Black=1      OK:         	White=18    	Black=17     Best:        	White=1     	---} 1/2-1/2

[Event "French Top 16-A 2024"]
[Site "Chartres"]
[Date "2024.06.05"]
[Round "7.10"]
[White "Esipenko, Andrey"]
[Black "Ter-Sahakyan, Samvel"]
[Result "1/2-1/2"]
[ECO "C60"]
[WhiteElo "2704"]
[BlackElo "2652"]
[Annotator "TA"]
[PlyCount "95"]
[EventDate "2024.06.01"]
[EventType "team-tourn"]
[EventCountry "FRA"]
[SourceTitle "playchess.com"]
[Source "ChessBase"]
[SourceQuality "1"]
[TimeControl "40/5400+30:1800+30"]

1. e4 e5 2. Nf3 Nc6 3. Bb5 a6 4. Ba4 Nge7 5. O-O Ng6 6. d4 {[%emt 0:00:13] C60: Ruy Lopez: Unusual Black 3rd moves and 3...g6.} exd4 7. Nxd4 Nxd4 8. Qxd4 b5 9. Bb3 Bb7 10. Rd1 Qe7 11. Qd3 $5 $146 {[%emt 0:11:40][%mdl 8] New and interesting.} ({Predecessor:} 11. c4 c5 12. Qe3 b4 13. a3 O-O-O 14. axb4 cxb4 15. f3 Qe5 16. Qf2 Bc5 17. Be3 Bxe3 18. Qxe3 {1-0 Pichot,A (2638)-Demchenko,A (2623) Titled Tuesday intern op 16th May Early blitz 2023 (10)}) 11... Bxe4 12. Qg3 Bc6 13. Qxc7 Qe4 14. Qg3 Bb4 15. a3 Qe2 16. Qe3+ Qxe3 17. Bxe3 ({Much worse is} 17. fxe3 Bc5 $15) 17... Ba5 18. Nd2 Ne5 19. Bc5 O-O-O 20. a4 Bxd2 21. Rxd2 Nc4 22. Bxc4 bxc4 23. Bd6 Rhe8 24. f3 Re6 25. Rd4 Rde8 26. Kf1 Kb7 27. h4 h6 28. Bg3 d5 29. b3 cxb3 30. cxb3 Re3 31. Rb4+ Ka8 32. Rc1 Rc8 33. Kf2 d4 34. Rcc4 Rc3 $1 35. Rxd4 a5 36. Rbc4 $1 (36. Rb6 Ka7 37. Rxc6 R8xc6 38. Rd7+ Ka6 $16) 36... Rxb3 37. Rc5 Kb7 38. Rxa5 Rb2+ 39. Kf1 Rb1+ 40. Be1 Re8 41. Rb4+ Rxb4 42. Bxb4 g6 43. Bc5 Ra8 44. Rxa8 Kxa8 45. a5 h5 46. Kf2 f5 (46... Kb7 $14) 47. a6 (47. Ke3 $142) 47... Bb5 $16 48. a7 1/2-1/2

[Event "French Top 16-A 2024"]
[Site "Chartres"]
[Date "2024.06.05"]
[Round "7.10"]
[White "Van Foreest, Jorden"]
[Black "Albornoz Cabrera, Carlos Daniel"]
[Result "1-0"]
[ECO "E04"]
[WhiteElo "2665"]
[BlackElo "2612"]
[Annotator "TA"]
[PlyCount "53"]
[EventDate "2024.06.01"]
[EventType "team-tourn"]
[EventCountry "FRA"]
[SourceTitle "playchess.com"]
[Source "ChessBase"]
[SourceQuality "1"]
[TimeControl "40/5400+30:1800+30"]

1. d4 d5 2. c4 e6 3. Nf3 Nf6 4. g3 dxc4 5. Bg2 Nbd7 6. O-O c6 7. a4 {[%emt 0:00:03][%mdl 1024] White has compensation.} b6 8. Nc3 Nd5 9. e4 Nb4 {[%emt 0:00:05] White is slightly better.} 10. d5 Bc5 $1 11. Qe2 e5 {[%emt 0:03:30] [#]} (11... O-O $15 {stays ahead.} 12. dxc6 (12. Qxc4 $2 Ba6 $19) 12... Nxc6) 12. dxc6 $1 $16 Nxc6 13. Qxc4 h6 {[%emt 0:05:03] Dodges Bg5} 14. a5 {[%emt 0:04:34] White is more active.} Nxa5 (14... O-O $16 {keeps fighting.}) 15. Qa4 $18 {[%emt 0:02:14][%cal Of1d1] aiming for Rd1!} O-O (15... Bb7 {was necessary.}) 16. b4 Bd4 17. Nxd4 exd4 18. Nd5 Nb7 (18... Nc4 19. Qc6 $18) 19. Bf4 a5 20. Bc7 Qe8 21. Qd1 (21. Bxb6 Nxb6 22. Nxb6 Qxa4 23. Rxa4 Rb8 24. Nxc8 (24. bxa5 Be6 $18) 24... Rfxc8 $16) 21... Nd8 22. Bd6 {[%emt 0:00:50] [#] Hoping for Nc7.} (22. Nxb6 Nxb6 23. Bxb6 Ne6 $16) (22. Qxd4 Ba6 23. Rfd1 Nc6 $18) (22. Bxb6 Ne6 23. Bxa5 (23. bxa5 Nxb6 24. axb6 Rxa1 $18) (23. Bxd4 Ba6 $16) 23... Bb7 $18) (22. bxa5 Rxa5 23. Rxa5 (23. Qxd4 Ne6 $15) (23. Nxb6 Rxa1 24. Qxa1 Ne6 $11) 23... bxa5 $18) 22... Ne6 23. e5 {[%emt 0:00:52] And now Ne7+ would win.} Ba6 24. Re1 Ra7 (24... d3 $142 25. f4 (25. bxa5 bxa5 26. Bxf8 Qxf8 $18) 25... Ra7 26. Ne7+ (26. bxa5 bxa5 27. Qd2 Nb8 $18) 26... Kh8) 25. Ne7+ {[%emt 0:01:07][%cal Bd5e7,Be7c6,Bc6d4][%mdl 32] White is clearly winning.} Kh8 26. Nc6 Ra8 27. Nxd4 {[%emt 0:00:50] Weighted Error Value: White=0.03 (flawless) /Black=0.35.  Mistake:       	---       	Black=4      Inaccurate:     	White=1     	Black=1      OK:         	White=10    	Black=7      Best:        	White=2     	---        Strong:       	White=1     	Black=1} 1-0

[Event "French Top 16-A 2024"]
[Site "Chartres"]
[Date "2024.06.05"]
[Round "7.11"]
[White "Pichot, Alan"]
[Black "Martirosyan, Haik M."]
[Result "1/2-1/2"]
[ECO "C65"]
[WhiteElo "2635"]
[BlackElo "2679"]
[Annotator "TA"]
[PlyCount "55"]
[EventDate "2024.06.01"]
[EventType "team-tourn"]
[EventCountry "FRA"]
[SourceTitle "playchess.com"]
[Source "ChessBase"]
[SourceQuality "1"]
[TimeControl "40/5400+30:1800+30"]

1. e4 e5 2. Nf3 Nc6 3. Bb5 Nf6 4. d3 Bc5 5. Ba4 O-O 6. O-O d6 7. c3 a5 8. h3 Ba7 9. Re1 Ne7 10. d4 Ng6 11. Bc2 Re8 12. Be3 exd4 13. Bxd4 c5 14. Bxf6 Qxf6 15. Nbd2 Nf4 {[%emt 0:01:29][%cal Oc5c4] aiming for ...c4!} 16. Nf1 c4 {[%emt 0:03:02] And now ...Qg6 would win.} 17. Ne3 Bxe3 18. fxe3 {[%emt 0:01:43] [#]} Nd3 19. Bxd3 cxd3 20. Nd2 (20. Kh1 $11) 20... Qg6 21. Kh2 Bd7 {[%emt 0:12:36] Against Qa4} 22. Qb1 {[%emt 0:00:41] The position is equal.} d5 23. Qxd3 Rad8 ({Reject} 23... dxe4 $6 24. Qxd7 Rad8 25. Qb5 Qd6+ 26. Kg1 Qxd2 27. Rad1 $16) 24. Qe2 dxe4 25. Nb3 a4 26. Nd4 Qd6+ 27. Kh1 f5 28. Rf1 {[%emt 0:01:06] Weighted Error Value: White=0.09 (flawless) /Black=0.09 (flawless) .  Mistake:       	White=1     	---        Inaccurate:     	White=1     	Black=1      OK:         	White=10    	Black=6      Best:        	White=1     	---} 1/2-1/2

[Event "French Top 16-A 2024"]
[Site "Chartres"]
[Date "2024.06.05"]
[Round "7.11"]
[White "Laurent-Paoli, Pierre"]
[Black "Van Wely, Loek"]
[Result "0-1"]
[ECO "D43"]
[WhiteElo "2576"]
[BlackElo "2608"]
[Annotator "TA"]
[PlyCount "54"]
[EventDate "2024.06.01"]
[EventType "team-tourn"]
[EventCountry "FRA"]
[SourceTitle "playchess.com"]
[Source "ChessBase"]
[SourceQuality "1"]
[TimeControl "40/5400+30:1800+30"]

1. d4 d5 2. c4 c6 3. Nf3 Nf6 4. Nc3 e6 5. Bg5 h6 6. Bh4 dxc4 7. e4 g5 8. Bg3 b5 9. Be2 Bb7 10. O-O Nbd7 11. Ne5 h5 12. Nxd7 Qxd7 13. Qc1 {[%emt 0:00:06] The position is equal.} Rg8 (13... Be7 $5) 14. Qe3 Bb4 15. Rad1 Ng4 {[%emt 0:20:09] Dodges f4} 16. Bxg4 hxg4 17. d5 cxd5 18. exd5 (18. Rfe1 $11) 18... Bxc3 $17 19. dxe6 $2 {[%emt 0:15:29][%mdl 8192] Now White is beyond hope.} (19. Qxc3 $17 {is a better chance.} Bxd5 20. Rfe1) 19... Qc6 $19 20. f3 {[%emt 0:09:52] [#]} Bb4 {[%emt 0:00:38] Dodges Rd6} (20... Bxb2 $2 {perishes.} 21. Rd6 Rg6 22. Rxc6 (22. fxg4 $2 Qxg2#) (22. Be5 Rxe6 23. Rxc6 Bxc6 $17) 22... Bxc6 23. fxg4 Rxe6 24. Qf2 $18 (24. Qxg5 Kf8 $18)) (20... Qxe6 $2 21. Qxc3 gxf3 22. Rfe1 $18) 21. exf7+ (21. Rd7 {was necessary.} fxe6 22. Rd6) 21... Kxf7 {[%emt 0:00:11] Black is clearly winning.} 22. Be5 Kg6 23. h4 gxh3 24. Qe2 Rae8 {[%emt 0:05:03] [#] Threatens to win with ...Qc5+.} 25. Kh2 Qf6 26. f4 hxg2 {[%emt 0:01:43] ( -> ...Rh8+)} 27. f5+ Kh6 {[%emt 0:00:26] Weighted Error Value: White=1.39/Black=0.06 (flawless) .  Loses game:     	White=1     	---        Mistake:       	White=2     	---        Inaccurate:     	White=4     	Black=3      OK:         	White=3     	Black=3      Best:        	---       	Black=3} 0-1

[Event "French Top 16-A 2024"]
[Site "Chartres"]
[Date "2024.06.05"]
[Round "7.12"]
[White "Amin, Bassem"]
[Black "Santos Latasa, Jaime"]
[Result "0-1"]
[ECO "A08"]
[WhiteElo "2683"]
[BlackElo "2626"]
[Annotator "TA"]
[PlyCount "74"]
[EventDate "2024.06.01"]
[EventType "team-tourn"]
[EventCountry "FRA"]
[SourceTitle "playchess.com"]
[Source "ChessBase"]
[SourceQuality "1"]
[TimeControl "40/5400+30:1800+30"]

1. Nf3 Nf6 2. g3 c5 3. Bg2 Nc6 4. O-O e5 5. d3 d5 6. e4 d4 7. a4 Bd6 8. Na3 O-O 9. Ne1 a6 {[%emt 0:08:16] Black is slightly better.} 10. Nc4 Bc7 11. f4 Bg4 12. Nf3 exf4 13. Bxf4 Nd7 14. Qb1 (14. Qd2 $11) 14... Rb8 $15 15. a5 Bxf3 16. Rxf3 Nde5 (16... Nxa5 $2 {perishes.} 17. Bxc7 Qxc7 18. Nxa5 $18 (18. Rxa5 $2 b5 $19)) 17. Bxe5 Nxe5 18. Nxe5 Bxe5 19. Qa2 Qe7 20. Raf1 g6 21. Qd5 Rbe8 22. g4 (22. Bh3 $15 {might be stronger.}) 22... Rd8 (22... h6 $17) 23. Qa2 (23. Rxf7 $1 $15 Bxh2+ (23... Qxf7 24. Rxf7 Rxd5 25. Rxf8+ Kxf8 26. exd5 $14) 24. Kh1 Qxf7 (24... Rxf7 25. Rxf7 Qxf7 26. Qxd8+ Kg7 27. Kxh2 $11) 25. Rxf7 Rxd5 26. Rxf8+ Kxf8 27. exd5) 23... Rd7 $17 {[%emt 0:03:42] White is weak on the dark squares} 24. Qa1 c4 25. Kh1 Rc7 26. Qa2 (26. dxc4 $17 {was necessary.} Rxc4 27. R1f2) 26... cxd3 $19 27. cxd3 Kg7 28. R3f2 {[%emt 0:02:41] [#]} (28. b3 $17) 28... Qh4 $1 29. Bf3 {[%emt 0:00:37] [#]} Rc1 $3 {[%emt 0:01:37][%mdl 512] ( -> ...Rxf1+)} 30. b4 Rxf1+ 31. Rxf1 Rc8 32. Bd1 {[%emt 0:15:59] [#]} (32. Qf2 $142 Qe7 33. h4) 32... f6 $1 $40 {[%emt 0:01:41][%mdl 128] Black wants a kill. Active counter play!} 33. Bb3 (33. Qf2 $142 Qh3 34. g5) 33... Qh3 ({Weaker is} 33... Qxg4 34. Be6 $11) 34. Qg2 Qxd3 35. Ba4 Qe3 {[%emt 0:02:05] Black is winning.} 36. g5 fxg5 {[%emt 0:02:18] ...Rc1 would now be deadly.} 37. Qf3 Bf4 {[%emt 0:01:27] Weighted Error Value: White=0.24 (precise) /Black=0.07 (flawless) .  Mistake:       	White=7     	Black=1      Inaccurate:     	White=1     	Black=2      OK:         	White=8     	Black=15     Best:        	White=1     	Black=1      Strong:       	---       	Black=1} 0-1

[Event "French Top 16-A 2024"]
[Site "Chartres"]
[Date "2024.06.05"]
[Round "7.12"]
[White "Movsesian, Sergei"]
[Black "Vernay, Clovis"]
[Result "1/2-1/2"]
[ECO "A07"]
[WhiteElo "2618"]
[BlackElo "2474"]
[Annotator "TA"]
[PlyCount "50"]
[EventDate "2024.06.01"]
[EventType "team-tourn"]
[EventCountry "FRA"]
[SourceTitle "playchess.com"]
[Source "ChessBase"]
[SourceQuality "1"]
[TimeControl "40/5400+30:1800+30"]

1. Nf3 d5 2. g3 c6 3. Bg2 Bf5 4. O-O Nf6 5. d3 Nbd7 6. Nh4 Bg6 7. Nxg6 hxg6 8. e4 e6 {[%emt 0:06:19] White is slightly better.} 9. Qe2 Bc5 10. Nd2 a5 11. a4 Qb6 12. Nb3 Bd6 13. Be3 Qa6 14. c4 dxc4 15. dxc4 e5 16. Rfd1 Be7 17. Bf3 c5 18. h4 Qb6 19. Nc1 Nb8 {[%emt 0:11:44] The position is equal.} 20. Nd3 Nc6 21. Kg2 Rd8 22. Qc2 Nd7 23. Bg4 Nf6 24. Bf3 Nd7 25. Bg4 Nf6 {[%emt 0:00:06] Weighted Error Value: White=0.09 (flawless) /Black=0.08 (flawless) .  Inaccurate:     	White=3     	Black=2      OK:         	White=7     	Black=7} 1/2-1/2

[Event "French Top 16-A 2024"]
[Site "Chartres"]
[Date "2024.06.05"]
[Round "7.13"]
[White "Fedorchuk, Sergey A."]
[Black "Moussard, Jules"]
[Result "1/2-1/2"]
[ECO "C07"]
[WhiteElo "2546"]
[BlackElo "2611"]
[Annotator "TA"]
[PlyCount "87"]
[EventDate "2024.06.01"]
[EventType "team-tourn"]
[EventCountry "FRA"]
[SourceTitle "playchess.com"]
[Source "ChessBase"]
[SourceQuality "1"]
[TimeControl "40/5400+30:1800+30"]

1. e4 e6 2. d4 d5 3. Nd2 c5 4. exd5 Qxd5 5. dxc5 Nf6 6. Ngf3 {[%emt 0:00:22] C07: French Tarrasch: 3...c5, 4 Ngf3 and 4 exd5 Qxd5.} Qxc5 7. Bd3 Be7 8. O-O Qc7 9. a4 O-O 10. Qe2 Nbd7 11. a5 Rd8 12. Nb3 Nd5 13. Ra4 Nc5 $146 (13... Nf8 $11) ({Predecessor:} 13... N7f6 14. Rc4 Qd6 15. Ne5 Bd7 16. Nxd7 Rxd7 17. Bd2 Rad8 18. g3 g6 19. Re1 h5 {0-1 Castellanos Rodriguez,R (2474)-Vallejo Pons,F (2704) Wch Blitz Moscow 2019 (21)}) 14. Nxc5 $14 Qxc5 15. Ne5 g6 16. Bd2 Bd7 17. Rg4 (17. Re4 $14) 17... Be8 (17... Bf6 $1 $11) 18. h4 Bf6 19. Re1 Rac8 20. h5 Qd6 $1 21. hxg6 hxg6 22. Re4 Bg7 23. Qf3 Ne7 (23... Qc7 $14) 24. Bg5 (24. Qh3 $142) 24... Nf5 25. Bxd8 (25. Nxg6 {seems wilder.} Bc6 26. Nf4 Bxe4 27. Rxe4 Bxb2 28. Qh3) 25... Qxd8 (25... Rxd8 $16 26. Qf4 Qc5) 26. b4 Qd6 27. b5 (27. Qf4 $142) 27... Rc5 {[%emt 0:00:55] [#]} 28. Nxg6 $1 Bxb5 (28... Nd4 $16 29. Qf4 Qxf4 30. Nxf4 Nxb5) 29. Bxb5 $18 Rxb5 30. Nf4 Nd4 (30... Qd2 {is a better defense.} 31. a6 bxa6) 31. Qd3 (31. Qg4 $142 {Nh5 would now be deadly.} Qd8 (31... Nxc2 $2 32. Nxe6 fxe6 33. Rxe6 $18) (31... f5 $2 32. Rxd4 Qxd4 33. Qh5 $18) 32. Re5 Rxe5 33. Rxe5) 31... Rxa5 {[%emt 0:00:17] [#]} (31... f5 $2 32. Rxd4 Bxd4 33. Qxb5 $18 (33. Nxe6 Re5 $16)) 32. Rd1 $1 e5 33. Nh5 Rd5 34. Rg4 $2 (34. Rde1 $18 {has better winning chances. Black must now prevent Rg4.} Nf5 35. Qf3) 34... Kf8 $2 (34... e4 $16 35. Rxe4 (35. Nxg7 $2 {too greedy.} exd3 36. Ne8+ Kf8 $19) (35. Rxg7+ Kf8 $11) 35... Nf3+ 36. gxf3 Rxd3 37. Rxd3 Qc5) 35. Rxg7 $2 (35. Re1 $18 e4 36. Rgxe4 (36. Nxg7 f5 $16)) 35... Nf3+ (35... e4 $5 36. Qxe4 Ne2+ 37. Kf1 Rxd1+ 38. Kxe2 Rh1 $11) 36. Qxf3 Rxd1+ 37. Kh2 e4+ 38. Qg3 Rh1+ $1 39. Kxh1 Qd1+ 40. Kh2 Qxh5+ 41. Kg1 Qd1+ 42. Kh2 Qh5+ 43. Kg1 Qd1+ 44. Kh2 1/2-1/2

[Event "French Top 16-A 2024"]
[Site "Chartres"]
[Date "2024.06.05"]
[Round "7.13"]
[White "Girel, Joseph"]
[Black "Tregubov, Pavel V."]
[Result "1/2-1/2"]
[ECO "C84"]
[WhiteElo "2477"]
[BlackElo "2562"]
[Annotator "TA"]
[PlyCount "103"]
[EventDate "2024.06.01"]
[EventType "team-tourn"]
[EventCountry "FRA"]
[SourceTitle "playchess.com"]
[Source "ChessBase"]
[SourceQuality "1"]
[TimeControl "40/5400+30:1800+30"]

1. e4 e5 2. Nf3 Nc6 3. Bb5 a6 4. Ba4 Nf6 5. O-O Be7 6. d3 b5 7. Bb3 O-O 8. c3 d6 9. a4 b4 10. a5 Be6 11. Bxe6 {[%emt 0:05:57] White is slightly better.} fxe6 12. Qa4 Qd7 13. cxb4 d5 14. Bg5 Rfd8 (14... Qd6 $11) 15. exd5 (15. Rc1 $16 dxe4 16. dxe4 (16. Rxc6 exf3 17. Nd2 fxg2 $11)) 15... Nxd5 $11 16. Bxe7 Ndxe7 17. Nc3 Rab8 (17... Qxd3 $11 18. Rae1 Qf5) 18. b5 $16 axb5 {[%emt 0:00:10] [#]} 19. Nxb5 (19. Qg4 $1 $16) 19... Nxa5 $14 20. Nxc7 Qxc7 21. Qxa5 Qxa5 22. Rxa5 Nc6 23. Rc5 Nb4 24. Rxe5 Nxd3 25. Rxe6 Nxb2 26. h4 h6 27. g3 Rd1 28. Rxd1 Nxd1 $16 {[%emt 0:00:06][%mdl 4096] Endgame. KRN-KRN} 29. Rd6 Nc3 30. Kg2 Ne4 31. Rd4 Nf6 32. Ne5 Re8 33. Nd3 Kf7 34. Ra4 Re7 35. Ra5 g6 36. Ne5+ Kg7 37. g4 h5 38. g5 Nd7 {[%emt 0:00:11] [#]} 39. Nd3 Nf8 40. Kg3 Ne6 41. Rd5 {[%emt 0:33:04] Repels Nd4} Kh7 42. Re5 ({White should try} 42. Ne5) 42... Rd7 43. Nb4 Nd4 44. Nd5 {[%emt 0:00:00] Strongly threatening Nf6+.} Kg7 45. Ne3 Rf7 46. Re4 (46. f4 $1 $14) 46... Ne2+ $11 {[%emt 0:03:03] The position is equal.} 47. Kg2 Nf4+ 48. Kf1 Nd3 $1 49. f3 Nc5 $1 50. Rc4 Nd3 51. Rd4 Ne5 52. f4 {[%emt 0:00:00] Blacks defense is rewarded with a draw.   Weighted Error Value: White=0.11 (very precise) /Black=0.15 (very precise) .  Mistake:       	White=4     	Black=2      Inaccurate:     	White=2     	Black=4      OK:         	White=16    	Black=15     Best:        	White=3     	Black=5      Strong:       	---       	Black=2} 1/2-1/2

[Event "French Top 16-A 2024"]
[Site "Chartres"]
[Date "2024.06.05"]
[Round "7.14"]
[White "Hamdouchi, Hicham"]
[Black "Flom, Gabriel"]
[Result "1-0"]
[ECO "C41"]
[WhiteElo "2528"]
[BlackElo "2431"]
[Annotator "TA"]
[PlyCount "81"]
[EventDate "2024.06.01"]
[EventType "team-tourn"]
[EventCountry "FRA"]
[SourceTitle "playchess.com"]
[Source "ChessBase"]
[SourceQuality "1"]
[TimeControl "40/5400+30:1800+30"]

1. e4 d6 2. d4 Nf6 3. Nc3 e5 4. Nf3 Nbd7 5. Bc4 Be7 6. O-O O-O 7. a4 c6 8. Re1 h6 9. h3 Re8 10. a5 Qc7 11. Ba2 Rb8 12. Be3 {[%emt 0:05:21] White is slightly better.} b5 13. axb6 axb6 14. d5 b5 15. dxc6 Qxc6 16. Nd5 Nc5 17. Nxf6+ Bxf6 18. b4 Na4 (18... Nxe4 19. Bd5 Qc3 20. Bxe4 $18) 19. Ba7 Rb7 20. Bd5 $36 {[%emt 0:00:46][%mdl 2048] White has good play.} Qc7 21. Bxb7 Bxb7 22. Qd3 Qc6 {[%emt 0:00:27] [#]} (22... Bc6 $1 $14 23. Be3 d5) 23. c4 $1 $16 Nb2 (23... bxc4 24. Qc2 Nb6 25. b5 (25. Bxb6 Qxb6 26. Qxc4 g6 $18)) 24. cxb5 Nxd3 25. bxc6 Bxc6 {[%emt 0:00:03] [#]} 26. Ra6 Nxe1 27. Rxc6 Nxf3+ 28. gxf3 $11 {[%emt 0:00:08][%cal Ob4b5][%mdl 4096] Endgame. aiming for b5! KRB-KRB} Ra8 29. Rc7 {[%emt 0:00:19] Black must now prevent b5.} Kf8 30. b5 {[%emt 0:02:20][%cal Bb4b5,Bb5b6][%mdl 32] And now b6 would win. White is more active.} Bd8 31. Rb7 Ke8 32. Kg2 Rc8 33. b6 $1 h5 {[%emt 0:16:38] [#]} (33... Bh4 $14) 34. Kg3 (34. Rxf7 $1 $16 Bxb6 (34... Kxf7 $2 {loses.} 35. b7 $18) 35. Rxg7) 34... h4+ 35. Kg4 {[%emt 0:02:29][%cal Ob7f7] Threatening Rxf7!} (35. Kg2 $5 g6 36. Rxf7 Bxb6 (36... Kxf7 $2 37. b7 $18) 37. Rh7 Bxa7 38. Rxa7 $11) 35... g6 {[%emt 0:00:09][%cal Of7f5] ( -> ...f5+!)} 36. f4 Rc4 (36... exf4 $1 $11 37. f3 (37. Kxf4 Rc2 $11) 37... Bf6) 37. Rb8 f5+ $2 {[%emt 0:00:23][%mdl 8192] Black cannot hold the game after this.} 38. Kf3 $1 $18 fxe4+ 39. Kg4 e3 40. fxe3 exf4 (40... Rb4 $142 41. b7 Kf7 42. Rxd8 Rxb7) 41. exf4 {[%emt 0:30:52] Weighted Error Value: White=0.16 (very precise) /Black=0.37.  Loses game:     	---       	Black=1      Mistake:       	White=3     	Black=4      Inaccurate:     	White=1     	Black=2      OK:         	White=13    	Black=10     Best:        	White=6     	Black=4      Strong:       	White=2     	---} (41. Rxd8+ $142 Kxd8 42. b7 (42. exf4 $2 {too greedy.} Kc8 $19) 42... fxe3+ 43. Kf3) 1-0

[Event "French Top 16-A 2024"]
[Site "Chartres"]
[Date "2024.06.05"]
[Round "7.14"]
[White "Degraeve, Jean-Marc"]
[Black "Hejazipour, Mitra"]
[Result "1/2-1/2"]
[ECO "B22"]
[WhiteElo "2463"]
[BlackElo "2376"]
[Annotator "RC"]
[PlyCount "136"]
[EventDate "2024.06.01"]
[EventType "team-tourn"]
[EventCountry "FRA"]
[SourceTitle "playchess.com"]
[Source "ChessBase"]
[SourceQuality "1"]
[TimeControl "40/5400+30:1800+30"]

1. e4 c5 2. c3 Nf6 3. e5 Nd5 4. Bc4 e6 5. Nf3 d6 6. d4 cxd4 7. cxd4 Be7 8. O-O O-O 9. Qe2 a6 10. Qe4 dxe5 11. dxe5 Nd7 12. Rd1 b5 13. Bd3 f5 14. exf6 N7xf6 15. Qe2 Bc5 16. Nc3 Qe8 17. Ng5 Nxc3 18. bxc3 e5 19. Be3 Bxe3 20. Qxe3 Bb7 21. Bc2 Kh8 22. Rd6 Qh5 23. f3 e4 24. Bxe4 Rae8 25. Re6 Bc8 26. Rxe8 Rxe8 27. Qd2 h6 28. Bc6 hxg5 29. Bxe8 Qxe8 30. Qxg5 Qc6 31. Qe5 Be6 32. a3 Nd5 33. Rd1 Bf7 34. Rd4 Nxc3 35. Qb8+ Kh7 36. Rh4+ Kg6 37. Qe5 Be6 38. Qh5+ Kf6 39. Rf4+ Ke7 40. Qg5+ Kd6 41. Qd8+ Bd7 42. Rd4+ Nd5 43. Qb8+ Ke6 44. Qg8+ Kd6 45. h4 a5 46. Qxg7 b4 47. axb4 axb4 48. Qf8+ Kc7 49. Rxb4 Nxb4 50. Qxb4 Qc1+ 51. Kh2 Qe3 52. Kg3 Qe5+ 53. Qf4 Kd6 54. h5 Bf5 55. Qxe5+ Kxe5 56. Kf2 Bh7 57. Kg3 Kf5 58. Kh4 Kf4 59. g4 Bc2 60. g5 Kf5 61. h6 Kg6 62. f4 Bf5 63. Kg3 Kh5 64. Kf3 Kh4 65. Ke3 Kg3 66. Kd4 Kxf4 67. g6 Bxg6 68. h7 Bxh7 1/2-1/2